 Dungeon Crawl Stone Soup version 0.29.0-4-gdea44cf6ec (webtiles) character file.

Game seed: 575043103243237521

1868 ketsa the Cleaver (level 8, -9/111 HPs)
             Began as a Minotaur Berserker on Aug 27, 2022.
             Was a Priest of Trog.
             Mangled by an orc warrior
             ... wielding a +0 bardiche
              (21 damage)
             ... in a bailey.
             The game lasted 00:17:44 (7719 turns).

ketsa the Cleaver (Minotaur Berserker)              Turns: 7719, Time: 00:17:45

Health: -9/111     AC:  4    Str: 23    XL:     8   Next: 90%
Magic:  7/7        EV: 16    Int:  4    God:    Trog [***...]
Gold:   363        SH:  0    Dex: 11    Spells: 7/7 levels left

rFire   . . .      SeeInvis .   a - +0 hand axe
rCold   . . .      Faith    .   (no shield)
rNeg    . . .      Spirit   .   x - +1 leather armour {rPois}
rPois   +          Reflect  .   (helmet restricted)
rElec   .          Harm     .   (no cloak)
rCorr   .          Rampage  .   (no gloves)
Will    .....                   (no boots)
Stlth   ..........              (no amulet)
HPRegen 0.28/turn               m - +4 ring of evasion
MPRegen 0.10/turn               (no ring)

@: berserking, very quick
A: horns 2, retaliatory headbutt
a: Renounce Religion, Berserk, Trog's Hand


You were in a bailey.
You worshipped Trog.
Trog was most pleased with you.
You visited 2 branches of the dungeon, and saw 8 of its levels.
You also visited: Bailey.

You collected 363 gold pieces.

Inventory:

Hand Weapons
 a - a +0 hand axe (weapon)
 i - a +5 club
Missiles
 g - 6 curare-tipped darts (quivered)
Armour
 h - a +0 leather armour
 k - a +0 plate armour
 x - a +1 leather armour of poison resistance (worn)
 y - a +0 chain mail
Jewellery
 m - a +4 ring of evasion (left hand)
 B - a +6 ring of intelligence
Wands
 n - a wand of paralysis (10)
 o - a wand of mindburst (9)
Scrolls
 b - 2 scrolls of teleportation
 f - a scroll of vulnerability {unknown}
 l - a scroll of amnesia {unknown}
 s - a scroll of summoning {unknown}
 u - a scroll of enchant armour {unknown}
 w - a scroll of torment {unknown}
 A - a scroll of immolation {unknown}
 C - a scroll of enchant weapon {unknown}
Potions
 c - a potion of cancellation {unknown}
 d - 3 potions of attraction
 e - a potion of brilliance {unknown}
 j - 4 potions of lignification
 p - a potion of might
 q - a potion of curing {unknown}
 r - 2 potions of haste
 t - 2 potions of resistance
 v - a potion of mutation {unknown}
 z - 2 potions of magic {unknown}


   Skills:
 + Level 7.8 Fighting
 * Level 10.5 Axes
 + Level 7.2 Armour
 - Level 2.1 Dodging


You had 7 spell levels left.
You didn't know any spells.
Your spell library contained the following spells:

 Spells                   Type           Power      Damage    Failure   Level
 Beastly Appendage        Tmut           0%         N/A       54%         1
 Poisonous Vapours        Pois/Air       0%         N/A       67%         2
 Static Discharge         Conj/Air       0%         3-3/arc   67%         2
 Wereblood                Tmut           0%         N/A       67%         2
 Dazzling Flash           Conj/Hex       0%         N/A       88%         3
 Spider Form              Tmut/Pois      0%         N/A       88%         3
 Corpse Rot               Necr/Pois/Air  0%         N/A       99%         4
 Dispel Undead            Necr           0%         3d6       99%         4
 Iskenderun's Mystic Bla  Conj/Tloc      0%         2d3       99%         4
 Sticky Flame             Conj/Fire      0%         2d3       99%         4
 Agony                    Necr           0%         N/A       100%        5
 Iskenderun's Battlesphe  Conj           0%         2d6       100%        5
 Silence                  Hex/Air        0%         N/A       100%        5
 Iron Shot                Conj/Erth      0%         9d1       100%        6
 Starburst                Conj/Fire      0%         6d3       100%        6
 Spellforged Servitor     Conj/Summ      0%         N/A       100%        7


Dungeon Overview and Level Annotations

Branches:
Dungeon (7/15)             Temple (1/1) D:5          Bailey (1/1)

Altars:
Ashenzari
Cheibriados
Dithmenos
Gozag
Hepliaklqana
Kikubaaqudgha
Nemelex Xobeh
Okawaru
Qazlal
Ru
Sif Muna
Trog
Uskayaw
Vehumet
Wu Jian
Yredelemnul
Zin
The Shining One

Annotations:
D:3 3 runed translucent doors, muxecoid's ghost, amateur DgHu


Innate Abilities, Weirdness & Mutations

You have a pair of horns on your head.
You reflexively headbutt those who attack you in melee.


Message History

You closely miss the orc warrior. You hit the orc warrior.
The orc warrior is moderately wounded.
The orc warrior closely misses you.
You slash the orc warrior! Your headbutt misses the orc warrior.
The orc warrior is heavily wounded.
The orc warrior hits you with a +0 glaive!!
You hit the orc warrior but do no damage.
The orc warrior is heavily wounded.
The orc warrior misses you.
You hit the orc warrior but do no damage.
You punch the orc warrior, but do no damage.
The orc warrior is heavily wounded.
You closely miss the orc warrior. Your headbutt misses the orc warrior.
The orc warrior is heavily wounded.
The orc warrior barely misses you. You furiously retaliate!
You headbutt the orc warrior.
You hit the orc warrior but do no damage.
The orc warrior is severely wounded.
The orc warrior hits you with a +0 glaive!
A red film seems to cover your vision as you go berserk!
You feel yourself moving faster!
You feel mighty!
The orc warrior hits you from afar with a +0 bardiche.
The orc warrior hits you with a +0 glaive!
* * * LOW HITPOINT WARNING * * *
You hit the orc warrior.
The orc warrior is almost dead.
The orc warrior hits you from afar with a +0 bardiche!
* * * LOW HITPOINT WARNING * * *
The orc warrior hits you with a +0 glaive!
* * * LOW HITPOINT WARNING * * *
You barely miss the orc warrior. You headbutt the orc warrior.
The orc warrior is almost dead.
You hit the orc warrior.
You kill the orc warrior!
Trog accepts your kill. The orc warrior completely misses you.
You are too berserk!
The orc warrior hits you with a +0 bardiche!!
You die...

~)..## ..≈≈§.§.§≈ ##..~~.# ).)##
..≈§≈≈§≈≈ ##..o.# ))## #..§....o
##.~.#
~.#########'###'#############.~.#
~.)........##.....##.)...)....~.#
~~~~~~~~~~..##.∩.##))~~~~~~~~~~.#
.........~~..## ##).)~..........#
########..~~..###..~~..##########
##..~~..o@.~~..## ##..~~~~~~~..##
##.........## ###########


You could see an orc warrior.

Vanquished Creatures
  An orc knight (Bailey)
  A wraith (D:7)
  A steam dragon (D:7)
  An orc warrior (Bailey)
  A phantom (D:6)
  3 necrophages
  3 bullfrogs
  2 scorpions (D:5)
  A hound (D:6)
  A jelly (D:6)
  Crazy Yiuf (D:3)
  4 orc priests
  Jessica (D:2)
  Ijyb (D:3)
  2 iguanas
  An orc wizard (D:4)
  7 adders
  A shadow imp (D:5)
  An ufetubus (D:5)
  2 worms (D:4)
  2 dart slugs
  37 orcs
  8 ball pythons
  5 endoplasms
  13 giant cockroaches
  9 goblins
  5 hobgoblins
  3 quokkas
  2 bats (D:2)
  3 kobolds
  6 rats
129 creatures vanquished.

Vanquished Creatures (others)
  A fungus (D:6)
1 creature vanquished.

Grand Total: 130 creatures vanquished

Notes
Turn   | Place    | Note
-------+----------+-------------------------------------------
     0 | D:1      | ketsa the Minotaur Berserker began the quest for the Orb.
     0 | D:1      | Reached XP level 1. HP: 19/19 MP: 0/0
   499 | D:1      | Reached skill level 4 in Axes
   729 | D:1      | Reached XP level 2. HP: 26/27 MP: 1/1
   844 | D:1      | Found a faded altar of an unknown god.
   934 | D:2      | Found a basalt altar of Yredelemnul.
  1100 | D:2      | Noticed Jessica
  1111 | D:2      | Killed Jessica
  1112 | D:2      | Reached XP level 3. HP: 14/33 MP: 2/2
  1341 | D:2      | Reached ** piety under Trog
  1520 | D:2      | Reached XP level 4. HP: 41/41 MP: 3/3
  1638 | D:2      | You fall into a shaft and drop 1 floor!
  1667 | D:3      | Reached skill level 5 in Axes
  1997 | D:3      | Noticed Ijyb
  2329 | D:3      | Found a runed translucent gate.
  2330 | D:3      | Found a runed translucent gate.
  2331 | D:3      | Found a runed translucent gate.
  2333 | D:3      | Noticed muxecoid's ghost (amateur DgHu)
  2427 | D:3      | Noticed a bullfrog
  2437 | D:3      | Killed a bullfrog
  2438 | D:3      | Reached XP level 5. HP: 47/47 MP: 4/4
  2506 | D:3      | Killed Ijyb
  2846 | D:3      | Found a bloodstained altar of Trog.
  2983 | D:3      | Reached skill level 6 in Axes
  3256 | D:3      | Found a runed translucent door.
  3257 | D:3      | Noticed Crazy Yiuf
  3263 | D:3      | Killed Crazy Yiuf
  3264 | D:3      | Reached skill level 5 in Fighting
  3539 | D:4      | Reached XP level 6. HP: 56/56 MP: 5/5
  4172 | D:5      | Entered Level 5 of the Dungeon
  4341 | D:5      | Reached skill level 7 in Axes
  4426 | D:5      | Found a shimmering blue altar of Sif Muna.
  4605 | D:5      | Found a staircase to the Ecumenical Temple.
  4625 | D:5      | Reached XP level 7. HP: 55/62 MP: 6/6
  4675 | Temple   | Entered the Ecumenical Temple
  4758 | D:5      | Reached skill level 5 in Armour
  5151 | D:5      | Found a hide-covered altar of Uskayaw.
  5382 | D:6      | Reached skill level 8 in Axes
  5674 | D:6      | Found an opulent altar of Gozag.
  5728 | D:6      | Found a glowing golden altar of the Shining One.
  5743 | D:6      | Reached *** piety under Trog
  5819 | D:6      | Found an iron altar of Okawaru.
  5894 | D:6      | Reached XP level 8. HP: 56/71 MP: 7/7
  6112 | D:6      | Found a sacrificial altar of Ru.
  6538 | D:7      | Reached skill level 9 in Axes
  6790 | D:7      | Found a flagged portal.
  6799 | Bailey   | Entered a bailey
  7475 | Bailey   | Noticed an orc knight
  7604 | Bailey   | Killed an orc knight
  7605 | Bailey   | Reached skill level 10 in Axes
  7719 | Bailey   | Mangled by an orc warrior

Illustrated notes

Levels and vault maps discovered:
D:1:      spicycebolla_arrival_risky_transporter, layout_loops_ring,
          shapermc_ecumenical_altar_petra
D:2:      minmay_roachtagon, layout_rooms, basic_altar, minmay_unequal,
          uniq_jessica
D:3:      layout_basic, mainiacjoe_overflow_chevrons,
          gammafunk_ghost_necromancy, uniq_crazy_yiuf_cottage, uniq_ijyb
D:4:      layout_loops_ring, nicolae_overflow_hidden_temple
D:5:      layout_loops_ring, nicolae_overflow_crystal_walls,
          overflow_temple_1_default, minmay_temple_entry_statues_pillars
D:6:      layout_loops_ring, general_overflow_altar,
          mainiacjoe_overflow_tiny_flanked, nicolae_ru_the_path_less_chosen,
          amcnicky_altar_gilded
D:7:      layout_cave_pods, fedhas_altar_1, enter_bailey_6,
          gammafunk_ghost_nasty_kobolds, grunt_ministairs_8, uniq_maggie
Temple:   zaba_magenta_temple
Bailey:   bailey_polearm_1, bailey

Skill      XL: |  1  2  3  4  5  6  7  8 |
---------------+-------------------------+-----
Axes           | 4 5 6 7 8 10 | 10.5
Fighting       | 4 5 6 7 |  7.8
Armour         | 3 4 5 7 |  7.2
Dodging        | |  2.1

Action                   |  1- 3 |  4- 6 |  7- 9 || total
-------------------------+-------+-------+-------++-------
Melee: Hand axe          |    68 |   134 |   153 ||   355
       Headbutt          |    11 |    23 |    29 ||    63
       Punch             |     1 |     1 |     3 ||     5
Invok: Berserk           |       |     5 |     4 ||     9
Evoke: Wand              |       |       |     3 ||     3
  Use: Scroll            |       |       |     7 ||     7
       Potion            |       |       |     1 ||     1
 Stab: Sleeping          |       |     1 |       ||     1
Armor: Animal skin       |     3 |       |       ||     3
       Leather armour    |    12 |    22 |    14 ||    48
Dodge: Dodged            |    49 |    69 |   138 ||   256
